 Seeded DCSS version 0.30.0-15-g856e2d3f33 (webtiles) character file.

Game seed: 12735965570273765983 (custom seed)

29 Pimp the Chopper (level 3, -2/30 HPs)
             Began as a Hill Orc Reaver on May 19, 2023.
             Slain by Terence
             ... wielding a +3 flail
              (3 damage)
             ... on level 2 of the Dungeon.
             The game lasted 00:01:59 (830 turns).

Pimp the Chopper (Hill Orc Reaver)                   Turns: 830, Time: 00:01:59

Health: -2/30      AC:  6    Str: 16    XL:     3   Next: 16%
Magic:  5/5        EV:  9    Int: 13    God:
Gold:   17         SH: 10    Dex:  9    Spells: 4/5 levels left

rFire   . . .        a - +0 hand axe
rCold   . . .        c - +4 kite shield "Xesut" {Will+}
rNeg    . . .        b - +0 leather armour
rPois   .            (no helmet)
rElec   .            (no cloak)
rCorr   .            (no gloves)
SInv    .            g - +2 pair of boots {rampage}
Will    +....        (no amulet)
Stlth   +            (no ring)
HPRegen 0.25/turn    (no ring)
MPRegen 0.09/turn

%: rampage
@: hasted, very quick
A: no striking features
a: no special abilities


You were on level 2 of the Dungeon.
You visited 1 branch of the dungeon, and saw 2 of its levels.

You collected 17 gold pieces.

Inventory:

Hand Weapons
 a - a +0 hand axe (weapon)
Armour
 b - a +0 leather armour (worn)
 c - the +4 kite shield "Xesut" (worn) {Will+}
   (You acquired it on level 1 of the Dungeon)

   Will:      It increases your willpower.
 g - a +2 pair of boots of rampaging (worn)
Scrolls
 d - a scroll of blinking {unknown}
Potions
 e - a potion of degeneration {unknown}


   Skills:
 + Level 2.8 Fighting
 + Level 4.3 Axes
 + Level 0.3 Armour
 - Level 1.8 Dodging
 + Level 0.2 Shields
 + Level 1.9 Spellcasting
 + Level 3.2 Conjurations


You had 4 spell levels left.
You knew the following spells:

 Your Spells              Type           Power      Damage    Failure   Level
a - Kiss of Death         Conj/Necr      20%        2d7       50%         1

Your spell library contained the following spells:

 Spells                   Type           Power      Damage    Failure   Level
 Momentum Strike          Conj/Tloc      10%        3d8       63%         2
 Hailstorm                Conj/Ice       5%         3d4       86%         3


Dungeon Overview and Level Annotations

Branches:
Dungeon (2/15)

Altars:
Qazlal

Annotations:
D:2 Terence


Message History

Unknown command.
You hit Terence.
Terence is lightly wounded.
You block Terence's attack.
You hit Terence.
Terence is moderately wounded.
You block Terence's attack.
You hit Terence.
Terence is heavily wounded.
Terence closely misses you. Terence completely misses you.
You barely miss Terence.
Terence is heavily wounded.
You block Terence's attack.
You hit Terence but do no damage.
Terence is heavily wounded.
You block Terence's attack.
You slash Terence!
Terence is almost dead.
Terence hits you with a +3 flail!
You hit Terence but do no damage.
Terence is almost dead.
Terence hits you but does no damage. Terence hits you with a +3 flail!
* * * LOW HITPOINT WARNING * * *
You hit Terence.
Terence is almost dead.
You block Terence's attack.
You hit Terence but do no damage.
Terence is almost dead.
Terence hits you with a +3 flail.
* * * LOW HITPOINT WARNING * * *
You feel yourself speed up. Terence hits you with a +3 flail!
* * * LOW HITPOINT WARNING * * *
You hit Terence but do no damage.
Terence is almost dead.
You block Terence's attack.
Okay, then.
You barely miss Terence.
Terence is almost dead.
Terence hits you with a +3 flail.
You die...

#......###.#
#).........
#.._...# #
#.....#### .#
###.......<#..#
#...#.######..#
#.#.#... ....###
#.#.######......#
#.#..†@@J.......#
#.########..>[..#
#. ......# ##
......# #######


You could see Terence and an endoplasm.

Vanquished Creatures
  4 ball pythons (D:1)
  2 endoplasms (D:1)
  A goblin (D:1)
  3 hobgoblins (D:1)
  5 jackals (D:1)
  2 kobolds (D:1)
  2 quokkas (D:1)
  2 frilled lizards
  3 rats (D:1)
24 creatures vanquished.

Notes
Turn   | Place    | Note
-------+----------+-------------------------------------------
     0 | D:1      | Pimp the Hill Orc Reaver began the quest for the Orb.
     0 | D:1      | Reached XP level 1. HP: 18/18 MP: 3/3
    57 | D:1      | Reached XP level 2. HP: 24/25 MP: 4/4
   153 | D:1      | Identified 2 scrolls of acquirement
   153 | D:1      | Acquired the +4 kite shield "Xesut" {Will+}
   154 | D:1      | Acquired a +2 pair of boots of rampaging
   365 | D:1      | Reached XP level 3. HP: 30/30 MP: 5/5
   794 | D:2      | Found a stormy altar of Qazlal.
   813 | D:2      | Noticed Terence
   828 | D:2      | HP: 1/30 [Terence/+3 flail (8)]
   830 | D:2      | Slain by Terence

Illustrated notes

Levels and vault maps discovered:
D:1:      dpeg_arrival_long_road, layout_loops_cross, hex_tiny
D:2:      minmay_evil_eye, layout_basic, basic_altar, minmay_ruptured,
          uniq_terence

Action                     || total
---------------------------++-------
  Melee: Hand axe          ||    94
    Use: Scroll            ||     3
         Potion            ||     1
 Armour: Leather armour    ||    31
  Dodge: Dodged            ||    36
  Block: Kite shield       ||    40
